 Dungeon Crawl Stone Soup version 0.23.0-42-geed6394 (webtiles) character file.

Game seed: 15641443330106668755

37233 Wiggle the Brawler (level 13, -4/120 HPs)
             Began as a Troll Warper on Feb 28, 2019.
             Was a High Priest of Elyvilon.
             Slain by a red draconian knight
             ... wielding a +2 dire flail of venom
              (19 damage)
             ... on level 2 of the Abyss.
             The game lasted 00:56:13 (15808 turns).

Wiggle the Brawler (Troll Warper)                  Turns: 15808, Time: 00:56:14

Health: -4/120     AC: 15    Str: 25    XL:     13   Next: 57%
Magic:  19/19      EV: 15    Int: 10    God:    Elyvilon [*****.]
Gold:   776        SH:  0    Dex: 14    Spells: 15/22 levels left

rFire    . . .     SeeInvis +     - Unarmed
rCold    . . .     Gourm    +   (no shield)
rNeg     . . .     Faith    .   K - +4 acid dragon scales
rPois    .         Spirit   .   (helmet restricted)
rElec    .         Reflect  .   (no cloak)
rCorr    +         Harm     .   (gloves unavailable)
MR       .....                  (boots unavailable)
Stlth    +++.......             I - amulet of magic regeneration
HPRegen  0.70/turn              y - ring of see invisible
MPRegen  0.41/turn              R - ring of stealth

@: agile, lethally poisoned (-4 -> -6)
A: large, unfitting armour, claws 3, fast metabolism 3, gourmand, regeneration
1, shaggy fur 1, tough skin 3
a: Lesser Healing, Heal Other, Purification, Greater Healing, Divine Vigour,
Divine Protection, Renounce Religion


You were on level 2 of the Abyss.
You worshipped Elyvilon.
Elyvilon was extremely pleased with you.
You were very full.

You visited 2 branches of the dungeon, and saw 16 of its levels.
You visited the Abyss 2 times.

You collected 854 gold pieces.
You spent 78 gold pieces at shops.

Inventory:

Hand Weapons
 q - a +6 scimitar of flaming
 A - the +7 falchion of the Abyss {slice, MR+ Dex+3}
   (You took it off an orc on level 12 of the Dungeon)

   It inflicts extra damage upon your enemies.
   It affects your dexterity (+3).
   It affects your resistance to hostile enchantments.
Missiles
 z - 25 tomahawks (quivered)
Armour
 a - a +0 robe
 s - a +0 robe
 K - +4 acid dragon scales (worn)
Jewellery
 y - a ring of see invisible (left claw)
 I - an amulet of magic regeneration (around neck)
 R - a ring of stealth (right claw)
 S - an uncursed ring of magical power
Wands
 o - a wand of iceblast (26)
 u - a wand of polymorph (20)
 v - a wand of random effects (25)
 w - a wand of clouds (11)
 B - a wand of enslavement (22)
 G - a wand of paralysis (16)
 O - a wand of flame (6)
 P - a wand of acid (26)
Scrolls
 c - 6 scrolls of blinking
 g - 3 scrolls of vulnerability {unknown}
 h - 5 scrolls of remove curse
 i - 3 scrolls of amnesia
 m - 6 scrolls of teleportation
 n - a scroll of fear {unknown}
 r - 3 scrolls of magic mapping
 x - 2 scrolls of enchant armour
 C - a scroll of random uselessness {unknown}
 M - a scroll of immolation {unknown}
 Q - 2 scrolls of noise {unknown}
 T - a scroll of identify
Potions
 e - 4 potions of curing
 j - a potion of ambrosia {unknown}
 k - 4 potions of flight
 l - 2 potions of lignification
 D - 2 potions of brilliance
 J - a potion of magic {unknown}
 L - a potion of mutation {unknown}
Miscellaneous
 t - a phantom mirror
 F - a phial of floods
 N - a sack of spiders
Comestibles
 f - 34 rations


   Skills:
 + Level 6.0 Fighting
 * Level 1.8 Long Blades
 - Level 0.8 Throwing
 * Level 6.9 Armour
 - Level 1.9 Dodging
 + Level 16.6 Unarmed Combat
 - Level 5.0 Spellcasting
 * Level 2.3 Hexes
 - Level 2.0 Charms
 - Level 6.0 Translocations


You had 15 spell levels left.
You knew the following spells:

 Your Spells              Type           Power        Failure   Level  Hunger
a - Blink                 Tloc           N/A          3%          2    ##.....
b - Shroud of Golubria    Chrm/Tloc      ##........   8%          2    ##.....
c - Confusing Touch       Hex            #.....       11%         1    None
d - Song of Slaying       Chrm           #.......     19%         2    ##.....

Your spell library contained the following spells:

 Spells                   Type           Power        Failure   Level  Hunger
 Gell's Gravitas          Tloc           ##........   7%          3    ###....
 Lesser Beckoning         Tloc           ##........   7%          3    ###....
 Teleport Other           Tloc           ##......     7%          3    ###....
 Infusion                 Chrm           #...         12%         1    None
 Passage of Golubria      Tloc           N/A          22%         4    ####...
 Animate Skeleton         Necr           N/A          26%         1    None
 Beastly Appendage        Tmut           #.....       26%         1    None
 Pain                     Necr           #...         26%         1    None
 Shock                    Conj/Air       #...         26%         1    None
 Swiftness                Chrm/Air       #.......     26%         2    ##.....
 Confuse                  Hex            #.......     32%         3    ###....
 Spectral Weapon          Hex/Chrm       #.......     32%         3    ###....
 Sticks to Snakes         Tmut           #.......     38%         2    ##.....
 Regeneration             Chrm/Necr      #.........   47%         3    ###....
 Spider Form              Tmut/Pois      #.........   63%         3    ###....
 Static Discharge         Conj/Air       #.......     63%         3    ###....
 Vampiric Draining        Necr           #.........   63%         3    ###....
 Airstrike                Air            #.........   95%         4    ####...
 Animate Dead             Necr           N/A          95%         4    ####...
 Ice Form                 Ice/Tmut       #.......     95%         4    ####...
 Petrify                  Tmut/Erth      #.......     95%         4    ####...
 Metabolic Englaciation   Hex/Ice        #.........   99%         5    ######.
 Yara's Violent Unravell  Hex/Tmut       #.........   99%         5    ######.
 Blade Hands              Tmut           #.........   100%        5    ######.
 Lightning Bolt           Conj/Air       #.........   100%        5    ######.


Dungeon Overview and Level Annotations

Branches:
Dungeon (15/15)            Temple (1/1) D:6            Lair (0/6) D:11
    Orc (0/2) D:11         Vaults (0/5) D:13
 Depths: D:15

Altars:
Ashenzari
Cheibriados
Dithmenos
Elyvilon
Fedhas
Gozag
Hepliaklqana
Kikubaaqudgha
Makhleb
Nemelex Xobeh
Okawaru
Qazlal
Ru
Sif Muna
Trog
Uskayaw
Vehumet
Wu Jian
Xom
Yredelemnul
Zin
The Shining One

Shops:
D:4 ?   D:14 *

Portals:
Ice
Cave: D:15

Annotations:
D:11 exclusion: downstairs
D:12 exclusion: 2 downstairs
D:13 exclusion: orange crystal statue
D:15 Louise


Innate Abilities, Weirdness & Mutations

You are too large for most types of armour.
You have claws for hands.
Your metabolism is lightning-fast.
You like to eat raw meat.
Your natural rate of healing is unusually fast.
You are covered in fur. (AC +1)
You have extremely tough skin. (AC +3)


Message History

* * * LOW HITPOINT WARNING * * *
You feel very sick.
The red draconian knight hits you with a +2 dire flail of venom!!
Elyvilon protects you from harm!
You feel better.
The red draconian knight hits you with a +2 dire flail of venom.
* * * LOW HITPOINT WARNING * * *
You are poisoned.
You feel agile all of a sudden.
You feel sick.
The red draconian knight hits you but does no damage.
You are more poisoned.
You scratch the red draconian knight but do no damage.
The red draconian knight is heavily wounded.
You feel sick.
You barely miss the red draconian knight.
The red draconian knight is heavily wounded.
You feel sick.
The red draconian knight hits you with a +2 dire flail of venom!!
You die...

. .. ..## .
..#.##
..##.# #
##....
##.#....###
.......... #
..#..#.#..#
#.q@..#. .#
.
#...##.#####
. #..
###ยง.# ###
. #. # . .
### #. .#.
.. . ..# # .
..# ...# #
#.. #.. #
.#.##. # .#
## # ... .


You could see a red draconian knight (invisible).

Vanquished Creatures
  A tentacled starspawn (Abyss:2)
  An Executioner (Abyss:1)
  Erolcha (D:11)
  7 vault guards
  Erica (D:11)
  A death knight (D:14)
  4 two-headed ogres
  A hell knight (Abyss:2)
  An unseen horror (D:13)
  Pikel (D:9)
  A phantasmal warrior (D:14)
  A deep elf mage (D:13)
  3 ugly things
  An orb spider (Abyss:2)
  An elephant (D:11)
  2 cyclopes
  A centaur zombie (D:14)
  A smoke demon (Abyss:2)
  An efreet (D:14)
  2 freezing wraiths (D:14)
  3 trolls
  3 slime creatures (D:14)
  3 hippogriffs
  A vampire (D:14)
  A shadow (D:13)
  34 yaks
  A human (D:9)
  2 small abominations (Abyss:2)
  2 wyverns
  A basilisk (D:11)
  2 large abominations (Abyss:2)
  A human (shapeshifter) (D:14)
  2 wraiths
  2 vampire mosquitoes (D:12)
  2 hungry ghosts
  A neqoxec (Abyss:2)
  2 acid dragons
  3 soldier ants
  2 water moccasins
  4 orc warriors
  3 ice beasts
  A slave (D:9)
  An eye of draining (D:10)
  5 sky beasts
  2 necrophages
  8 ogres
  5 phantoms
  4 centaurs
  A crocodile (D:11)
  A big kobold (D:12)
  7 bullfrogs
  A wyvern zombie (D:11)
  A wyvern skeleton (D:12)
  6 scorpions
  4 wights
  22 killer bees
  6 howler monkeys
  2 vampire bats (D:8)
  2 electric eels (D:10)
  3 crimson imps
  A bullfrog zombie (D:6)
  6 jellies
  3 quasits
  10 hounds
  4 centaur skeletons
  12 orc priests
  5 bullfrog skeletons
  Jessica (D:3)
  21 orc wizards
  Terence (D:2)
  A gnoll shaman (D:9)
  An iguana (D:13)
  4 worker ants
  3 hound zombies
  A howler monkey zombie (D:3)
  3 worker ant zombies
  14 gnolls
  A howler monkey skeleton (D:8)
  14 adders
  6 shadow imps
  An adder skeleton (D:6)
  3 worms
  2 dart slugs (D:3)
  6 leopard geckos
  52 orcs
  4 bat skeletons (D:8)
  A bat zombie (D:8)
  6 giant cockroaches
  6 goblins
  9 hobgoblins
  3 jackals (D:8)
  4 kobolds
  8 quokkas
  2 bats
  3 frilled lizards
  A jackal zombie (D:7)
  A leopard gecko skeleton (D:4)
  A leopard gecko zombie (D:5)
  11 rats
426 creatures vanquished.

Vanquished Creatures (others)
  A centaur (D:9)
  An orc wizard (D:9)
  2 orcs (D:9)
4 creatures vanquished.

Grand Total: 430 creatures vanquished

Notes
Turn   | Place    | Note
-------+----------+-------------------------------------------
     0 | D:1      | Wiggle the Troll Warper began the quest for the Orb.
     0 | D:1      | Reached XP level 1. HP: 19/19 MP: 1/1
   308 | D:1      | You fall through a shaft!
   337 | D:2      | Reached XP level 2. HP: 19/28 MP: 3/3
   416 | D:2      | Learned a level 2 spell: Blink
   759 | D:2      | Reached XP level 3. HP: 29/35 MP: 4/4
  1167 | D:2      | Noticed Terence
  1177 | D:2      | Killed Terence
  1177 | D:2      | Reached skill level 3 in Unarmed Combat
  1177 | D:2      | Reached XP level 4. HP: 34/42 MP: 0/5
  1649 | D:3      | Noticed Jessica
  1915 | D:3      | Reached skill level 4 in Unarmed Combat
  1915 | D:3      | Reached XP level 5. HP: 47/49 MP: 6/6
  2350 | D:3      | Found a burning altar of Makhleb.
  2352 | D:3      | Found a shadowy altar of Dithmenos.
  2355 | D:3      | Found a shattered altar of Ashenzari.
  2794 | D:3      | Killed Jessica
  2794 | D:3      | Reached skill level 5 in Unarmed Combat
  2884 | D:4      | You fall through a shaft for 2 floors!
  2894 | D:6      | Noticed a phantom
  2918 | D:6      | Killed a phantom
  2918 | D:6      | Reached XP level 6. HP: 37/59 MP: 7/7
  2999 | D:6      | Reached skill level 6 in Unarmed Combat
  3131 | D:6      | Reached XP level 7. HP: 66/66 MP: 8/8
  3142 | D:6      | Found a radiant altar of Vehumet.
  3217 | D:6      | Reached skill level 7 in Unarmed Combat
  3348 | D:6      | Found a staircase to the Ecumenical Temple.
  3357 | Temple   | Entered the Ecumenical Temple
  3549 | D:6      | Reached skill level 8 in Unarmed Combat
  3577 | D:5      | Entered Level 5 of the Dungeon
  3615 | D:4      | Found Vuty's Magic Scroll Shop.
  3620 | D:4      | Bought a scroll of teleportation for 36 gold pieces
  3620 | D:4      | Bought a scroll of magic mapping for 42 gold pieces
  3653 | D:4      | Found a snail-covered altar of Cheibriados.
  4256 | D:5      | Reached XP level 8. HP: 74/75 MP: 9/9
  4504 | D:5      | Reached skill level 9 in Unarmed Combat
  4792 | D:5      | Found a white marble altar of Elyvilon.
  4800 | D:5      | Became a worshipper of Elyvilon the Healer
  4895 | D:5      | Found a basalt altar of Yredelemnul.
  5540 | D:6      | Found a shimmering altar of Xom.
  5766 | D:7      | Reached skill level 10 in Unarmed Combat
  5903 | D:7      | Reached * piety under Elyvilon
  5917 | D:7      | Reached XP level 9. HP: 68/83 MP: 11/11
  6380 | D:8      | Reached ** piety under Elyvilon
  6430 | D:8      | Cast into level 1 of the Abyss (orc)
  6431 | Abyss:1  | Found a corrupted altar of Lugonu.
  6467 | Abyss:1  | Noticed an Executioner
  6485 | Abyss:1  | Killed an Executioner
  6485 | Abyss:1  | Reached skill level 11 in Unarmed Combat
  6487 | D:8      | Escaped the Abyss
  6501 | D:8      | Reached XP level 10. HP: 34/92 MP: 13/13
  6662 | D:8      | Reached skill level 12 in Unarmed Combat
  6810 | D:8      | Found an ancient bone altar of Kikubaaqudgha.
  6984 | D:9      | Noticed a two-headed ogre
  6991 | D:8      | Killed a two-headed ogre
  7812 | D:9      | Noticed Pikel
  7842 | D:9      | Killed Pikel
  7842 | D:9      | Reached skill level 13 in Unarmed Combat
  7934 | D:9      | Reached skill level 5 in Translocations
  7986 | D:9      | Found a bloodstained altar of Trog.
  7986 | D:9      | Found a sparkling altar of Nemelex Xobeh.
  8011 | D:9      | Reached *** piety under Elyvilon
  8167 | D:9      | Learned a level 2 spell: Shroud of Golubria
  8237 | D:10     | Entered Level 10 of the Dungeon
  8441 | D:9      | Reached XP level 11. HP: 40/101 MP: 15/15
  8794 | D:10     | Reached **** piety under Elyvilon
  9431 | D:11     | Reached skill level 5 in Fighting
  9431 | D:11     | Reached skill level 1 in Armour
  9760 | D:11     | Noticed Erica
  9771 | D:11     | Killed Erica
 10028 | D:11     | Found a staircase to the Orcish Mines.
 10047 | D:11     | Noticed Erolcha
 10077 | D:11     | Killed Erolcha
 10077 | D:11     | Reached skill level 14 in Unarmed Combat
 10201 | D:11     | Noticed a cyan ugly thing
 10212 | D:11     | Killed a cyan ugly thing
 10339 | D:11     | Reached skill level 1 in Charms
 10406 | D:11     | Found a staircase to the Lair.
 10428 | D:11     | Reached ***** piety under Elyvilon
 11304 | D:12     | Noticed a two-headed ogre
 11312 | D:12     | Killed a two-headed ogre
 11373 | D:12     | Reached XP level 12. HP: 105/111 MP: 17/17
 11375 | D:12     | Noticed a two-headed ogre
 11387 | D:12     | Killed a two-headed ogre
 11397 | D:12     | HP: 5/111 [cyclops (20)]
 11404 | D:12     | HP: 5/111 [scorpion (4)]
 11404 | D:12     | HP: 1/111 [hound (4)]
 11919 | D:12     | Identified the +1 robe "Itofer" {MR+ SInv}
 11921 | D:12     | Identified the +7 falchion of the Abyss {slice, MR+ Dex+3}
 12488 | D:13     | Noticed an eight-headed hydra
 12577 | D:13     | Noticed a vault guard
 12581 | D:13     | Noticed a vault guard
 12584 | D:13     | Noticed a vault guard
 12584 | D:13     | Noticed a vault guard
 12585 | D:13     | Noticed a vault guard
 12601 | D:13     | Reached skill level 5 in Spellcasting
 12633 | D:13     | Found a gate to the Vaults.
 12638 | D:13     | Noticed a vault guard
 12669 | D:13     | Noticed a vault guard
 12698 | D:13     | Reached skill level 15 in Unarmed Combat
 12823 | D:13     | Reached skill level 5 in Armour
 12855 | D:13     | Killed a vault guard
 12873 | D:13     | Killed a vault guard
 13002 | D:13     | Killed a vault guard
 13026 | D:13     | Killed a vault guard
 13048 | D:12     | Killed a vault guard
 13090 | D:13     | Noticed a two-headed ogre
 13252 | D:12     | Killed a two-headed ogre
 13373 | D:13     | Learned a level 1 spell: Confusing Touch
 13422 | D:13     | Noticed a vault guard
 13436 | D:13     | Killed a vault guard
 13436 | D:13     | Reached XP level 13. HP: 72/120 MP: 19/19
 14046 | D:14     | Reached skill level 1 in Hexes
 14050 | D:14     | Reached skill level 16 in Unarmed Combat
 14270 | D:14     | Got a bound pewter ring
 14273 | D:14     | Identified the cursed ring of Vazetyus {Str-3 Dex+3} (You
                  | found it on level 14 of the Dungeon)
 14715 | D:14     | Found Istradil's Mayhem Merchandise.
 15017 | D:14     | Learned a level 2 spell: Song of Slaying
 15045 | D:15     | Entered Level 15 of the Dungeon
 15045 | D:15     | Found a frozen archway.
 15194 | D:14     | Reached skill level 1 in Long Blades
 15304 | D:15     | Noticed Louise
 15368 | D:15     | Cast into level 2 of the Abyss (Louise)
 15447 | Abyss:2  | Noticed a tentacled starspawn
 15454 | Abyss:2  | Killed a tentacled starspawn
 15493 | Abyss:2  | Noticed a daeva
 15535 | Abyss:2  | HP: 6/120 [hell knight/bolt of fire (5)]
 15666 | Abyss:2  | Noticed a bone dragon
 15691 | Abyss:2  | Found a corrupted altar of Lugonu.
 15791 | Abyss:2  | Noticed a red draconian knight
 15804 | Abyss:2  | Elyvilon protects you from harm!
 15808 | Abyss:2  | Slain by a red draconian knight

Skill      XL: |  1  2  3  4  5  6  7  8  9 10 11 12 13 |
---------------+----------------------------------------+-----
Fighting       | 2 3 4 5 6 |  6.0
Unarmed Combat | 3 4 5 6 8 10 11 13 14 15 16 | 16.6
Spellcasting   | 2 3 4 5 |  5.0
Translocations | 3 4 5 6 |  6.0
Armour         | 3 6 |  6.9
Charms         | 1 2 |  2.0
Hexes          | 2 |  2.3
Long Blades    | 1 |  1.8
Throwing       | |  0.8
Dodging        | |  1.9

Action                   |  1- 3 |  4- 6 |  7- 9 | 10-12 | 13-15 || total
-------------------------+-------+-------+-------+-------+-------++-------
Melee: Unarmed           |    72 |   165 |   278 |   790 |   209 ||  1514
       Punch             |     1 |     6 |     6 |    44 |    18 ||    75
Throw: Tomahawk          |       |       |       |     9 |     9 ||    18
 Cast: Blink             |       |       |       |     1 |     1 ||     2
       Shroud of Golubri |       |       |       |     4 |     2 ||     6
Evoke: Wand              |       |       |       |    12 |       ||    12
  Use: Scroll            |       |       |     5 |    11 |     7 ||    23
       Potion            |       |       |     1 |    10 |    11 ||    22
 Stab: Sleeping          |       |     1 |     1 |       |       ||     2
       Distracted        |       |       |       |     1 |     1 ||     2
  Eat: Chunk             |    13 |    21 |    26 |    79 |    23 ||   162
Armor: Robe              |    18 |    45 |    62 |    86 |       ||   211
       Acid dragon scale |       |       |       |   212 |    62 ||   274
Dodge: Dodged            |    21 |    75 |   114 |   329 |    66 ||   605
